 Dungeon Crawl Stone Soup version 0.30-a0-422-g946f4849ff (webtiles) character file.

Game seed: 4009391239190853477

63 flotson the Sneak (level 3, -3/26 HPs)
             Began as a Demonspawn Delver on Dec 8, 2022.
             Was a Believer of Hepliaklqana.
             Killed by nerve-wracking pain
             ... invoked by an orc priest
              (12 damage)
             ... on level 3 of the Dungeon.
             The game lasted 00:03:21 (2112 turns).

flotson the Sneak (Demonspawn Delver)               Turns: 2112, Time: 00:03:21

Health: -3/26      AC:  6    Str: 14    XL:     3   Next: 87%
Magic:  1/1        EV: 11    Int: 13    God:    Hepliaklqana [**....]
Gold:   159        SH:  0    Dex: 14    Spells: 2/2 levels left

rFire   . . .      SeeInvis .    j - +1 hand axe (antimagic)
rCold   . . .      Faith    +    (no shield)
rNeg    . . .      Spirit   .    a - +0 ring mail
rPois   .          Reflect  .    (no helmet)
rElec   .          Harm     .    (no cloak)
rCorr   .          Rampage  .    (no gloves)
Will    .....                    o - +0 pair of boots
Stlth   ++........               b - amulet of faith
HPRegen 0.24/turn                (no ring)
MPRegen 0.07/turn                (no ring)

@: no status effects
A: reduced essence, big brain 1
a: Renounce Religion, Recall Ancestor, Ancestor Identity


You were on level 3 of the Dungeon.
You worshipped Hepliaklqana.
Hepliaklqana was pleased with you.
You visited 2 branches of the dungeon, and saw 6 of its levels.

You collected 159 gold pieces.

Inventory:

Hand Weapons
 j - a +1 antimagic hand axe (weapon)
Armour
 a - a +0 ring mail (worn)
 o - a +0 pair of boots (worn)
Jewellery
 b - an amulet of faith (around neck)
 q - a ring of resist corrosion
Wands
 g - a wand of digging (3)
Scrolls
 c - a scroll of fog
 d - a scroll of teleportation {unknown}
 k - 2 scrolls of identify {unknown}
 l - 2 scrolls of magic mapping
 n - a scroll of noise {unknown}
 r - a scroll of immolation {unknown}
 s - a scroll of enchant armour {unknown}
Potions
 e - a potion of heal wounds {unknown}
 f - a potion of haste
 h - 2 potions of degeneration {unknown}
 i - 3 potions of curing {unknown}
 m - a potion of magic {unknown}
 p - a potion of might {unknown}


   Skills:
 + Level 3.4 Fighting
 - Level 1.7 Axes
 + Level 1.0 Armour
 + Level 2.2 Dodging
 + Level 4.8 Stealth
 + Level 1.1 Invocations
 + Level 1.2 Evocations


You had 2 spell levels left.
You didn't know any spells.
Your spell library contained the following spells:

 Spells                   Type           Power      Damage    Failure   Level
 Ignite Poison            Fire/Tmut/Pois 0%         N/A       88%         3
 Kindle Blastsparks       Fire/Tloc/Air  0%         2d10      88%         3
 Freezing Cloud           Conj/Ice/Air   0%         6-21      100%        5


Dungeon Overview and Level Annotations

Branches:
Dungeon (5/15)             Temple (1/1) D:5

Altars:
Cheibriados
Dithmenos
Gozag
Hepliaklqana
Kikubaaqudgha
Ru
Sif Muna
Xom
Yredelemnul

Shops:
D:4 *


Innate Abilities, Weirdness & Mutations

Your life essence is reduced to manifest your ancestor. (-10% HP)
You have an unusually large brain. (Int +2)


Message History

The orc priest mumbles some strange prayers to Beogh against you.
Beogh smites you!
An orc comes into view. It is wielding a +0 falchion.
Tenoch hits the orc priest with a +0 quarterstaff!
The orc priest mumbles some strange prayers to Beogh against Tenoch.
Tenoch is smitten.
Tenoch is destroyed!
You hit the orc.
The orc is moderately wounded.
The orc closely misses you.
You hit the orc.
The orc is severely wounded.
The orc misses you.
The orc priest mumbles some strange prayers to Beogh against you.
Beogh smites you!
Unknown command.
You are too injured to fight recklessly!
Unknown command.
You are too injured to fight recklessly!
Unknown command.
You are too injured to fight recklessly!
Unknown command.
You hit the orc.
You kill the orc!
The orc priest begins to cast a cantrip, but forgets the words!
You hit the orc.
The orc is lightly wounded.
You hit the orc.
The orc is almost dead.
The orc closely misses you.
The orc priest calls upon Beogh to heal the orc.
The orc's wounds heal themselves!
The orc hits you with a +0 dagger.
You hit the orc but do no damage. The orc barely misses you.
You completely miss the orc. The orc barely misses you.
You barely miss the orc priest.
The orc priest is heavily wounded.
You hit the orc but do no damage.
The orc priest calls down the wrath of Beogh upon you.
Pain shoots through your body!
You die...

#####....# #. #####
####........# #.
.....####...........###.
#####...#...#####.........
##...##..)..##...##....#...
##.....##...##.....##...'...
#.......#...#...... #####...
#..[...†'..oo...... #...
#.......#..@#...... #...
##...).##...##..... #...
##...# #...# #...# #... ####
#...# #### ####.. #...#
#..... #...# #..... #...#
#..... +...+ #..... #.....


You could see an orc priest and an orc.

Vanquished Creatures
  2 adders
  An orc (D:3)
  3 ball pythons
  An endoplasm (D:1)
  3 goblins
  A hobgoblin (D:1)
  2 quokkas
  3 bats
  2 frilled lizards (D:1)
  2 kobolds
  A rat (D:1)
21 creatures vanquished.

Vanquished Creatures (collateral kills)
  A worm (D:2)
  2 orcs (D:3)
  6 endoplasms
  2 hobgoblins (D:1)
  A quokka (D:1)
  2 frilled lizards (D:3)
  A kobold (D:2)
  A rat (D:2)
16 creatures vanquished.

Vanquished Creatures (others)
  A battlemage (D:3)
  4 plants (D:2)
5 creatures vanquished.

Grand Total: 42 creatures vanquished

Notes
Turn   | Place    | Note
-------+----------+-------------------------------------------
     0 | D:5      | flotson the Demonspawn Delver began the quest for the Orb.
     0 | D:5      | Reached XP level 1. HP: 18/18 MP: 1/1
     4 | D:5      | Found a staircase to the Ecumenical Temple.
     7 | D:5      | Noticed a jelly
    13 | Temple   | Entered the Ecumenical Temple
    23 | Temple   | Became a worshipper of Hepliaklqana the Forgotten
    67 | D:4      | Found Negod's Assorted Antiques.
    68 | D:4      | Noticed an iguana
    82 | D:4      | Gained mutation: You have an unusually large brain. (Int
                  | +2) [demonic ancestry]
    82 | D:4      | Reached XP level 2. HP: 15/24 MP: 2/2
   159 | D:4      | Noticed a scorpion
   332 | D:2      | Found a faded altar of an unknown god.
   468 | D:1      | Reached * piety under Hepliaklqana
   485 | D:1      | Reached XP level 3. HP: 26/26 MP: 1/3
   509 | D:1      | Reached skill level 1 in Evocations
  1410 | D:2      | Reached ** piety under Hepliaklqana
  1411 | D:2      | Remembered your ancestor Tenoch as a battlemage
  1535 | D:2      | Reached skill level 1 in Armour
  1535 | D:2      | Reached skill level 1 in Invocations
  2112 | D:3      | Killed from afar by an orc priest

Illustrated notes

Levels and vault maps discovered:
D:1:      nzn_arrival_crosshair, layout_basic, st_stairs_6
D:2:      layout_basic, ebering_ecumenical_altar_rust, serial_bayou_pond_a,
          chequers_serial_rivers_small_a
D:3:      kennysheep_six_static_rooms, layout_basic, minmay_shallow_snake_nest
D:4:      minmay_goblin_kobold_castle, layout_loops_ring, serial_shops, shop,
          kennysheep_nub, kennysheep_generic_room_16
D:5:      layout_basic, minmay_temple_entry_waves, uniq_eustachio
Temple:   nicolae_temple_two_arcs

Skill      XL: |  1  2  3 |
---------------+----------+-----
Dodging        | 2 |  2.2
Evocations     | 1 |  1.2
Armour         | 1 |  1.0
Invocations    | 1 |  1.1
Fighting       | |  3.4
Axes           | |  1.7
Stealth        | |  4.8

Action                   || total
-------------------------++-------
Melee: Hand axe          ||    82
       Punch             ||     1
Invok: Ancestor Life: Ba ||     1
  Use: Scroll            ||     2
 Stab: Sleeping          ||     6
Armor: Leather armour    ||     3
       Ring mail         ||    20
Dodge: Dodged            ||    43

Table legend: (Time is in decaauts)
 A = Elapsed time spent in this place.
 B = Non-inter-level travel time spent in this place.
 C = Inter-level travel time spent in this place.
 D = Time resting spent in this place.
 E = Time spent auto-exploring this place.
 F = Levels seen in this place.
 G = Mean time per level.
                   A        B        C        D        E       F      G
               +--------+--------+--------+--------+--------+-----+--------+
         Total |   2128 |   2053 |     75 |      0 |   1667 |   6 |  354.7 |
       Dungeon |   2108 |   2042 |     66 |      0 |   1667 |   5 |  421.6 |
        Temple |     19 |     10 |      9 |      0 |      0 |   1 |   19.0 |
               +--------+--------+--------+--------+--------+-----+--------+

Top non-repeatable levels by time:
     D:2: 1050 daAuts
     D:1: 601 daAuts
     D:3: 311 daAuts
     D:4: 103 daAuts
     D:5: 41 daAuts
  Temple: 19 daAuts
